 Dungeon Crawl Stone Soup version 0.19.5 (webtiles) character file.

1888 Plasmo the Bolt Thrower (level 9, 0/64 HPs)
             Began as a Human Wanderer on May 16, 2017.
             Was a Follower of Okawaru.
             Slain by a killer bee (1 damage)
             ... on level 7 of the Dungeon.
             The game lasted 00:39:20 (7907 turns).

Plasmo the Bolt Thrower (Human Wanderer)            Turns: 7907, Time: 00:39:21

Health: 0/64       AC:  9    Str: 12    XL:     9   Next: 37%
Magic:  14/14      EV: 10    Int: 16    God:    Okawaru [*.....]
Gold:   237        SH:  0    Dex: 13    Spells: 3 memorised, 9 levels left

rFire  . . .     SeeInvis .     h - +0 morningstar (protect)
rCold  . . .     Gourm    .     n - +2 ring mail
rNeg   . . .     Faith    .     (no shield)
rPois  .         Spirit   .     s - +0 helmet
rElec  .         Reflect  .     l - +0 cloak
rCorr  .         Harm     .     (no gloves)
MR     .....                    (no boots)
Stlth  +.........               (no amulet)
                                (no ring)
                                (no ring)

@: lethally poisoned (0 -> -9), heavily drained
A: no striking features
a: Heroism, Renounce Religion


You were on level 7 of the Dungeon.
You worshipped Okawaru.
Okawaru was aware of your devotion.
You were not hungry.

You visited 2 branches of the dungeon, and saw 9 of its levels.

You collected 237 gold pieces.

Inventory:

Hand Weapons
 b - a +0 hand crossbow
 e - a +1 long sword
 h - a +0 morningstar of protection (weapon)
 t - a +0 morningstar
Missiles
 c - 13 bolts
 r - 3 javelins (quivered)
Armour
 l - a +0 cloak (worn)
 n - a +2 ring mail (worn)
 s - a +0 helmet (worn)
Scrolls
 p - a scroll of enchant weapon
 q - 3 scrolls of remove curse
 v - 5 scrolls of identify
 x - a scroll of enchant armour
Potions
 g - a potion of haste
 k - a potion of ambrosia
Books
 a - a book of Minor Magic

   Spells                             Type                      Level
   a - Magic Dart                     Conjuration                  1
   b - Blink                          Translocation                2
   c - Call Imp                       Summoning                    2
   d - Repel Missiles                 Charms/Air                   2
   e - Slow                           Hexes                        2
   f - Conjure Flame                  Conjuration/Fire             3
   g - Mephitic Cloud                 Conjuration/Poison/Air       3
 w - a book of Changes

   Spells                             Type                      Level
   a - Beastly Appendage              Transmutation                1
   b - Sticks to Snakes               Transmutation                2
   c - Spider Form                    Transmutation/Poison         3
   d - Ice Form                       Ice/Transmutation            4
   e - Blade Hands                    Transmutation                5
Comestibles
 f - 3 bread rations
 i - a meat ration
 m - a royal jelly


   Skills:
 * Level 3.6(1.1) Fighting
 - Level 3.2(0.7) Long Blades
 * Level 2.6(0.1) Maces & Flails
 * Level 5.0(2.3) Crossbows
 * Level 4.1(1.5) Armour
 * Level 3.7(1.1) Dodging
 - Level 2.1(0.0) Stealth
 * Level 3.8(1.2) Spellcasting
 * Level 3.5(0.9) Conjurations
 - Level 1.4(0.0) Summonings
   Level 1.0(0.0) Translocations
 * Level 3.2(0.7) Fire Magic
   Level 1.0(0.0) Poison Magic
   Level 1.0(0.0) Evocations


You had 9 spell levels left.
You knew the following spells:

 Your Spells              Type           Power        Failure   Level  Hunger
a - Magic Dart            Conj           #...         38%         1    ##.....
b - Call Imp              Summ           #.......     82%         2    ###....
c - Conjure Flame         Conj/Fire      #.......     91%         3    ####...


Dungeon Overview and Level Annotations

Branches:
Dungeon (8/15)             Temple (1/1) D:4
   Lair: D:8-11

Altars:
Ashenzari
Cheibriados
Dithmenos
Elyvilon
Fedhas
Makhleb
Nemelex Xobeh
Okawaru
Qazlal
Sif Muna
Uskayaw
Vehumet
Xom
Zin
The Shining One
Jiyva


Message History

The killer bee stings you.
* * * LOW HITPOINT WARNING * * *
You feel better. The killer bee stings you. The killer bee stings you!
* * * LOW HITPOINT WARNING * * *
You are poisoned.
The killer bee poisons you!
Your ring mail prevents you from hitting the killer bee.
You feel sick. The killer bee closely misses you. The killer bee stings you.
* * * LOW HITPOINT WARNING * * *
You are lethally poisoned!
The killer bee poisons you! The killer bee stings you.
* * * LOW HITPOINT WARNING * * *
You closely miss the killer bee.
* * * LOW HITPOINT WARNING * * *
You feel sick. The killer bee barely misses you.
The killer bee stings you but does no damage. x2
You closely miss the killer bee.
* * * LOW HITPOINT WARNING * * *
You feel sick. The killer bee stings you.
You die...

###.........####...#[#
.'.........'......[..
#.........####......
#.......## ##..##.#
##.....## #......#
##...### ##.#####
##....# #.#####
#####.##.# #....o.
#..@#.# ## #.#####
#.###y.# #.# #....#
#.# #...... #.#
......### ####.#
######.. #....# ####
######


You could see a killer bee.

Vanquished Creatures
  The ghost of harcile the Gusty, a novice HEAE of Vehumet (D:6)
  A wyvern (D:6)
  2 ogres
  A wyvern skeleton (D:6)
  2 scorpions
  A killer bee (D:6)
  5 wights (D:7)
  2 crimson imps (D:6)
  2 jellies (D:6)
  A gnoll shaman (D:7)
  3 hounds
  An orc wizard (D:6)
  3 worker ants
  2 hound skeletons
  Robin (D:4)
  2 worker ant zombies
  5 gnolls (D:7)
  11 adders
  2 shadow imps (D:5)
  2 oozes
  An adder skeleton (D:4)
  3 worms
  4 leopard geckos
  18 orcs
  6 giant cockroaches
  16 goblins
  13 hobgoblins
  11 jackals
  5 kobolds
  4 quokkas
  A ball python (D:2)
  6 bats
  A leopard gecko zombie (D:6)
  2 quokka skeletons (D:4)
  A quokka zombie (D:6)
  6 rats
148 creatures vanquished.

Notes
Turn   | Place    | Note
-------+----------+-------------------------------------------
     0 | D:1      | Plasmo the Human Wanderer began the quest for the Orb.
     0 | D:1      | Plasmo set off with: a book of Minor Magic, a +0 hand crossbow, 24 bolts, a +0 robe, a bread ration
     0 | D:1      | Reached XP level 1. HP: 13/13 MP: 2/2
   106 | D:1      | Reached XP level 2. HP: 18/20 MP: 3/3
   286 | D:1      | Reached XP level 3. HP: 25/25 MP: 4/4
   746 | D:1      | Learned a level 1 spell: Magic Dart
   749 | D:1      | Learned a level 2 spell: Call Imp
   811 | D:2      | Reached skill level 1 in Fighting
   859 | D:2      | Reached XP level 4. HP: 32/32 MP: 6/6
  1398 | D:2      | Reached skill level 1 in Conjurations
  1398 | D:2      | Reached XP level 5. HP: 37/37 MP: 7/7
  1411 | D:2      | Learned a level 3 spell: Conjure Flame
  1558 | D:3      | Reached skill level 1 in Dodging
  1961 | D:3      | Found a radiant altar of Vehumet.
  1990 | D:3      | Found a shattered altar of Ashenzari.
  2490 | D:4      | Noticed an ogre
  2505 | D:4      | Killed an ogre
  2505 | D:4      | Reached skill level 1 in Long Blades
  2505 | D:4      | Reached XP level 6. HP: 44/44 MP: 9/9
  2546 | D:4      | Reached skill level 1 in Summonings
  2558 | D:4      | Found a deep blue altar of Sif Muna.
  2565 | D:4      | Found a blossoming altar of Fedhas.
  2565 | D:4      | Found a shadowy altar of Dithmenos.
  2567 | D:4      | Found a stormy altar of Qazlal.
  2570 | D:4      | Found a hide-covered altar of Uskayaw.
  2753 | D:4      | Reached skill level 4 in Crossbows
  2777 | D:4      | Noticed Robin
  2785 | D:4      | Killed Robin
  2797 | D:4      | Found a white marble altar of Elyvilon.
  2907 | D:4      | Found a staircase to the Ecumenical Temple.
  2921 | D:4      | Reached skill level 1 in Fire Magic
  2921 | D:4      | Reached XP level 7. HP: 42/50 MP: 10/10
  2924 | Temple   | Entered the Ecumenical Temple
  2949 | Temple   | Became a worshipper of Warmaster Okawaru
  3682 | D:5      | Entered Level 5 of the Dungeon
  4312 | D:5      | Found a glowing golden altar of the Shining One.
  4829 | D:6      | Noticed harcile's ghost (novice HEAE)
  4988 | D:6      | Reached * piety under Okawaru
  4988 | D:6      | Reached XP level 8. HP: 57/57 MP: 12/12
  5133 | D:6      | Killed harcile's ghost
  5133 | D:6      | Reached skill level 1 in Maces & Flails
  5696 | D:6      | Noticed a wyvern
  5710 | D:6      | Killed a wyvern
  5710 | D:6      | Reached XP level 9. HP: 47/64 MP: 14/14
  6400 | D:7      | Reached skill level 5 in Crossbows
  7906 | D:7      | HP: 3/64 [poisoned by a killer bee]
  7907 | D:7      | HP: 1/64 [poisoned by a killer bee]
  7907 | D:7      | Slain by a killer bee

Skill      XL: |  1  2  3  4  5  6  7  8  9 |
---------------+----------------------------+-----
Fighting       | 1 2 3 |  3.6
Conjurations   | 1 2 3 |  3.5
Dodging        | 1 2 3 |  3.7
Spellcasting   | 2 3 |  3.8
Long Blades    | 1 2 3 |  3.2
Summonings     | 1 |  1.4
Crossbows      | 4 5 |  5.0
Fire Magic     | 1 2 3 |  3.2
Armour         | 3 4 |  4.1
Stealth        | 2 |  2.1
Maces & Flails | 1 2 |  2.6
Translocations | |  1.0
Poison Magic   | |  1.0
Evocations     | |  1.0

Action                   |  1- 3 |  4- 6 |  7- 9 || total
-------------------------+-------+-------+-------++-------
Melee: Long sword        |       |   103 |   404 ||   507
       Morningstar       |       |       |   125 ||   125
 Fire: Hand crossbow     |    64 |   124 |       ||   188
 Cast: Magic Dart        |       |     1 |     1 ||     2
  Use: Scroll            |     5 |     6 |    12 ||    23
       Potion            |       |     1 |    11 ||    12
 Stab: Distracted        |       |       |     1 ||     1
  Eat: Pizza             |       |     1 |     2 ||     3
       Chunk             |       |     3 |     1 ||     4
       Fruit             |       |     2 |       ||     2
       Meat ration       |       |       |     2 ||     2
       Beef jerky        |       |       |     2 ||     2
       Royal jelly       |       |       |     1 ||     1
Armor: Robe              |     6 |       |       ||     6
       Ring mail         |       |    83 |   291 ||   374
Dodge: Dodged            |    20 |   105 |   382 ||   507
       Rpst.: Long sword |       |    17 |    84 ||   101
